 Dungeon Crawl Stone Soup version 0.22-a0-553-g9358b0b (webtiles) character file.

18347 iamserjio the Grappler (level 12, -12/108 HPs)
             Began as a Yellow Draconian Monk on June 25, 2018.
             Was a Priest of Cheibriados.
             Mangled by a black mamba (15 damage)
             ... on level 2 of the Lair of Beasts.
             The game lasted 00:47:32 (5384 turns).

iamserjio the Grappler (Yellow Draconian Monk)      Turns: 5384, Time: 00:47:33

Health: -12/108    AC: 13    Str: 23    XL:     12   Next: 26%
Magic:  14/18      EV: 14    Int: 22    God:    Cheibriados [***...]
Gold:   285        SH: 16    Dex: 22    Spells: 14/16 levels left

rFire    . . .     SeeInvis .     - Unarmed
rCold    . . .     Gourm    .   j - +0 shield
rNeg     . . .     Faith    .   (armour unavailable)
rPois    +         Spirit   .   (helmet restricted)
rElec    .         Reflect  +   n - +2 cloak
rCorr    +         Harm     .   (no gloves)
MR       +....                  f - +1 pair of boots
Stlth    ++........             t - +3 amulet of reflection
HPRegen  0.28/turn              u - ring of protection from magic
MPRegen  0.16/turn              I - ring of poison resistance

@: very slow
A: spit acid, acid resistance, unfitting armour, cold-blooded, AC +8
a: Breathe Acid, Bend Time, Temporal Distortion, Renounce Religion


You were on level 2 of the Lair of Beasts.
You worshipped Cheibriados.
Cheibriados was most pleased with you.
You were not hungry.

You visited 2 branches of the dungeon, and saw 13 of its levels.

You collected 571 gold pieces.
You spent 286 gold pieces at shops.

Inventory:

Hand Weapons
 e - a +2 dagger of electrocution
 k - a +2 blowgun
Missiles
 l - 44 poisoned needles
 s - a throwing net (quivered) {!f}
 B - 6 curare-tipped needles {!f}
Armour
 f - a +1 pair of boots (worn)
 j - a +0 shield (worn)
 n - a +2 cloak (worn)
Jewellery
 t - a +3 amulet of reflection (around neck)
 u - a ring of protection from magic (left hand)
 w - an uncursed ring of protection from fire
 z - an uncursed amulet of harm
 I - a ring of poison resistance (right hand)
 J - an uncursed ring of magical power
Wands
 c - a wand of iceblast (6)
 m - a wand of digging (24)
 r - a wand of polymorph (5)
 H - a wand of flame (39)
Scrolls
 d - 3 scrolls of immolation
 i - 2 scrolls of teleportation
 o - 4 scrolls of remove curse {@r2}
 q - 2 scrolls of blinking {unknown}
 v - a scroll of silence {unknown}
 x - a scroll of brand weapon {unknown}
 D - a scroll of magic mapping
 E - a scroll of fog
 F - a scroll of enchant armour
Potions
 b - a potion of brilliance
 g - a potion of berserk rage
 h - 3 potions of curing {@q1}
 p - 3 potions of haste
 A - a potion of magic
 C - 4 potions of mutation {unknown}
 G - a potion of degeneration
 L - a potion of heal wounds
Comestibles
 a - 14 rations
 K - a chunk of flesh


   Skills:
 + Level 10.9 Fighting
 - Level 4.0 Dodging
 - Level 1.7 Stealth
 + Level 8.9 Shields
 * Level 12.9 Unarmed Combat
 + Level 2.6 Spellcasting
 - Level 2.0 Translocations
 - Level 8.0 Invocations


You had 14 spell levels left.
You knew the following spells:

 Your Spells              Type           Power        Failure   Level  Hunger
a - Blink                 Tloc           N/A          19%         2    ##.....

Your spell library contained the following spells:

 Spells                   Type           Power        Failure   Level  Hunger
 Magic Dart               Conj           #...         28%         1    None
 Fireball                 Conj/Fire      #.........   100%        5    ######.
 Conjure Flame            Conj/Fire      #.......     65%         3    ###....
 Bolt of Magma            Conj/Fire/Erth #.........   100%        5    ######.
 Slow                     Hex            #.......     41%         2    ##.....
 Confuse                  Hex            #.......     65%         3    ###....
 Mephitic Cloud           Conj/Pois/Air  #.......     65%         3    ###....
 Teleport Other           Tloc           ##......     36%         3    ###....
 Call Imp                 Summ           #.......     41%         2    ##.....
 Tukima's Dance           Hex            #.......     65%         3    ###....
 Shock                    Conj/Air       #...         28%         1    None
 Ensorcelled Hibernation  Hex/Ice        #.....       41%         2    ##.....
 Corona                   Hex            #......      28%         1    None
 Passage of Golubria      Tloc           N/A          77%         4    ####...
 Shroud of Golubria       Chrm/Tloc      #.........   28%         2    ##.....
 Dazzling Spray           Conj/Hex       #.....       65%         3    ###....
 Searing Ray              Conj           #.....       41%         2    ##.....
 Gell's Gravitas          Tloc           ##........   36%         3    ###....
 Lesser Beckoning         Tloc           ##........   36%         3    ###....


Dungeon Overview and Level Annotations

Branches:
Dungeon (10/15)            Temple (0/1) D:4            Lair (3/6) D:9
 Spider (0/4) Lair:3
  Swamp: Lair:2-4    Shoals: Lair:2-4       Orc: D:9-12

Altars:
Ashenzari
Cheibriados
Ru
Sif Muna
Trog
Xom

Shops:
D:9 **(=

Annotations:
D:5 3 runed doors, iamserjio's ghost, amateur GnAs
D:6 1 runed door, Kuorac's ghost, novice DsGl
Lair:1 exclusion: 2 oklob plants
Lair:3 3 runed doors, Vaxualodu's ghost, journeyman GnIE; Vohil's ghost, journeyman MiFi


Innate Abilities, Weirdness & Mutations

You can spit globs of acid.
You are resistant to acid.
Your golden yellow scales are hard. (AC +8)
You cannot fit into any form of body armour.
You are cold-blooded and may be slowed by cold attacks.


Message History

Aim: a seven-headed hydra (severely wounded)
The burst of metal fragments hits the seven-headed hydra. x2
You kill the seven-headed hydra!
Cheibriados thoroughly appreciates the change of pace.
The now-empty wand crumbles to dust.
Okay, then.
Evoke which item? (* to show all) (? for menu, Esc to quit)
Aiming: Iceblast
Press: ? - help, Shift-Dir - straight line, f - black mamba
Aim: a black mamba The mass of ice explodes!
The iceblast engulfs the black mamba.
The black mamba is moderately wounded.
Evoke which item? (* to show all) (? for menu, Esc to quit)
Aiming: Iceblast
Press: ? - help, Shift-Dir - straight line, f/p - black mamba
Aim: a black mamba (moderately wounded)
The mass of ice explodes!
The iceblast engulfs the black mamba.
The black mamba is severely wounded.
The black mamba bites you!
You die...

..... ......... ..... ..#.....#
..... #......## .... #......#
#.....#.. #......# .P.... ## ...
#...[.. ......##. ... ##....S#
......#.. ...[ #.....@##
##....... .... #.....†.#
#.....P#. ....# ####......##
#.......
....P####..P.....#.#######.......
.................................
.................................
.................................
.................................
.......................(.........


You could see a black mamba.

Vanquished Creatures
  4 hydras
  Nergalle (Lair:1)
  Pikel (D:7)
  Joseph (D:8)
  4 spiny frogs (Lair:3)
  2 black mambas (Lair:3)
  A rime drake (Lair:2)
  A komodo dragon (Lair:2)
  6 jumping spiders (Lair:3)
  A polar bear (Lair:1)
  3 blink frogs (Lair:2)
  3 hippogriffs
  2 wyverns
  2 redbacks (Lair:3)
  A wraith (D:9)
  17 yaks
  A hungry ghost (D:8)
  2 basilisks (D:9)
  2 water moccasins
  8 porcupines
  3 ice beasts
  2 orc warriors
  A black bear (Lair:1)
  4 slaves (D:7)
  2 sky beasts
  2 ogres (D:7)
  5 centaurs
  6 wolves
  5 crocodiles
  2 big kobolds
  Blork the orc (D:5)
  5 bullfrogs
  A gnoll sergeant (D:6)
  3 scorpions
  9 killer bees
  2 howler monkeys (D:7)
  13 crimson imps
  A bullfrog zombie (D:9)
  2 hounds (D:7)
  A centaur zombie (D:7)
  A jelly (D:8)
  Crazy Yiuf (D:4)
  2 orc priests (D:9)
  2 iguanas (D:7)
  4 worker ants
  7 orc wizards
  A hound zombie (D:7)
  A hound skeleton (D:4)
  4 gnolls (D:6)
  11 adders
  A shadow imp (D:7)
  A white imp (D:7)
  An ooze (D:3)
  3 worms
  3 dart slugs
  6 leopard geckos
  18 orcs
  4 bats
  5 giant cockroaches
  7 goblins
  5 hobgoblins
  10 jackals
  2 quokkas
  2 ball pythons
  2 frilled lizards
  A giant cockroach zombie (D:6)
  13 kobolds
  A rat (D:2)
  A plant (Lair:1)
253 creatures vanquished.

Vanquished Creatures (others)
  A kobold (D:8)
  4 bushes (D:9)
  3 fungi (D:9)
  19 plants (D:9)
  6 withered plants (Lair:3)
33 creatures vanquished.

Grand Total: 286 creatures vanquished

Notes
Turn   | Place    | Note
-------+----------+-------------------------------------------
     0 | D:1      | iamserjio the Draconian Monk began the quest for the Orb.
     0 | D:1      | Reached XP level 1. HP: 19/19 MP: 1/1
   166 | D:2      | Reached XP level 2. HP: 26/26 MP: 2/2
   285 | D:1      | Reached skill level 4 in Unarmed Combat
   311 | D:1      | HP: 1/26 [kobold/short sword (5)]
   363 | D:2      | Found a snail-covered altar of Cheibriados.
   372 | D:2      | Became a worshipper of Cheibriados the Contemplative
   372 | D:2      | Reached * piety under Cheibriados
   372 | D:2      | Reached ** piety under Cheibriados
   387 | D:2      | Reached XP level 3. HP: 5/31 MP: 3/3
   554 | D:3      | Found a deep blue altar of Sif Muna.
   577 | D:3      | Reached XP level 4. HP: 7/38 MP: 4/4
   606 | D:3      | Reached skill level 5 in Unarmed Combat
   628 | D:3      | HP: 1/57 [orc wizard/magic dart (8)]
   664 | D:3      | Noticed an orc warrior
   672 | D:3      | Killed an orc warrior
   672 | D:3      | Reached skill level 1 in Invocations
   672 | D:3      | Reached XP level 5. HP: 32/46 MP: 4/6
   849 | D:3      | Reached XP level 6. HP: 45/52 MP: 7/7
   906 | D:2      | Reached *** piety under Cheibriados
   972 | D:3      | Found a shimmering altar of Xom.
  1033 | D:5      | Entered Level 5 of the Dungeon
  1044 | D:4      | Reached skill level 6 in Unarmed Combat
  1405 | D:4      | Found a runed door.
  1410 | D:4      | Noticed Crazy Yiuf
  1420 | D:4      | Killed Crazy Yiuf
  1642 | D:4      | Found a staircase to the Ecumenical Temple.
  1650 | D:4      | Found a bloodstained altar of Trog.
  1656 | D:4      | Identified the Catalogue of Arcane Weapons and the Arsonist
  1799 | D:4      | Reached **** piety under Cheibriados
  1806 | D:4      | Found a shattered altar of Ashenzari.
  1990 | D:6      | Found a runed door.
  2002 | D:6      | Noticed Kuorac's ghost (novice DsGl)
  2048 | D:6      | Your scales start taking on a golden yellow colour.
  2048 | D:6      | Reached XP level 7. HP: 47/60 MP: 9/9
  2120 | D:6      | Reached skill level 5 in Fighting
  2120 | D:6      | Reached skill level 7 in Unarmed Combat
  2153 | D:5      | Found a runed gate.
  2153 | D:5      | Found a runed gate.
  2153 | D:5      | Found a runed gate.
  2159 | D:5      | Noticed iamserjio's ghost (amateur GnAs)
  2187 | D:5      | Noticed Blork the orc
  2196 | D:5      | Killed Blork the orc
  2253 | D:6      | Reached XP level 8. HP: 46/69 MP: 11/11
  2436 | D:7      | Reached skill level 8 in Unarmed Combat
  2608 | D:6      | Learned a level 2 spell: Blink
  2663 | D:7      | Reached skill level 5 in Invocations
  2788 | D:9      | Found Qustuaf's General Store.
  2794 | D:9      | Bought a potion of magic for 112 gold pieces
  2794 | D:9      | Bought 6 curare-tipped needles for 50 gold pieces
  2794 | D:9      | Bought a scroll of remove curse for 42 gold pieces
  2794 | D:9      | Bought a scroll of teleportation for 42 gold pieces
  2827 | D:10     | Entered Level 10 of the Dungeon
  2848 | D:9      | Found Cahotzut's Antique Weapon Shop.
  2870 | D:9      | Reached skill level 9 in Unarmed Combat
  2898 | D:9      | Reached XP level 9. HP: 26/78 MP: 13/13
  3311 | D:9      | Found Liorphir's Jewellery Boutique.
  3368 | D:9      | Found Zaunn's General Store.
  3374 | D:9      | Bought a scroll of identify for 20 gold pieces
  3374 | D:9      | Bought a scroll of identify for 20 gold pieces
  3415 | D:9      | Reached ***** piety under Cheibriados
  3418 | D:9      | Reached skill level 10 in Unarmed Combat
  3474 | D:8      | Noticed Joseph
  3485 | D:7      | Noticed Pikel
  3488 | D:7      | Killed Pikel
  3488 | D:7      | Reached XP level 10. HP: 21/88 MP: 9/15
  3646 | D:7      | Reached skill level 11 in Unarmed Combat
  3772 | D:7      | Reached skill level 1 in Shields
  3819 | D:8      | Reached skill level 1 in Translocations
  3872 | D:8      | Found a sacrificial altar of Ru.
  3934 | D:8      | Killed Joseph
  4086 | D:9      | Found a staircase to the Lair.
  4174 | D:10     | Noticed a two-headed ogre
  4236 | Lair:1   | Entered Level 1 of the Lair of Beasts
  4324 | Lair:1   | Noticed Nergalle
  4332 | Lair:1   | Killed Nergalle
  4332 | Lair:1   | Reached skill level 5 in Shields
  4332 | Lair:1   | Reached XP level 11. HP: 64/97 MP: 17/17
  4363 | Lair:1   | Noticed an oklob plant
  4363 | Lair:1   | Noticed an oklob plant
  4527 | Lair:2   | Noticed a five-headed hydra
  4531 | Lair:2   | Killed a five-headed hydra
  4600 | Lair:3   | Noticed a seven-headed hydra
  4603 | Lair:3   | Found a runed gate.
  4603 | Lair:3   | Found a runed gate.
  4603 | Lair:3   | Found a runed gate.
  4604 | Lair:3   | Noticed Vaxualodu's ghost (journeyman GnIE)
  4604 | Lair:3   | Noticed Vohil's ghost (journeyman MiFi)
  4609 | Lair:3   | Reached skill level 10 in Fighting
  4609 | Lair:3   | Reached skill level 12 in Unarmed Combat
  4609 | Lair:3   | Killed a seven-headed hydra
  4665 | Lair:3   | Reached skill level 1 in Spellcasting
  5075 | Lair:3   | Reached XP level 12. HP: 46/108 MP: 18/18
  5085 | Lair:3   | Found a hole to the Spider Nest.
  5136 | Lair:2   | Noticed a four-headed hydra
  5138 | Lair:2   | Killed a four-headed hydra
  5376 | Lair:2   | Noticed a seven-headed hydra
  5381 | Lair:2   | HP: 2/108 [seven-headed hydra (14)]
  5382 | Lair:2   | Killed a seven-headed hydra
  5384 | Lair:2   | Mangled by a black mamba

Vault maps used:
D:1:      nzn_arrival_settlement
D:2:      nicolae_overflow_crystal_walls, old_standard_altar,
          chequers_ecumenical_altar_twisty
D:3:      grunt_temple_overflow_champion_of_chaos, led_sif_book,
          cheibrodos_sewer_entry_bend
D:4:      marbit_many_paths, minmay_temple_entry_statues, first_ration,
          kennysheep_minor_cross, st_stairs_7, small_statue_intersection,
          minmay_misc_feat_nine_boxes, trog_three_pillars_becter,
          uniq_crazy_yiuf_cottage
D:5:      lemuel_zombie_altar_yredelemnul,
          chequers_temple_overflow_statue_of_worship, gammafunk_ghost_split,
          goddamned_bats, uniq_blork_the_orc
D:6:      ebering_ghost_sewer_f
D:7:      elyvilon_altar_4, grunt_ogre_cave, minmay_nine_imps, uniq_pikel
D:8:      basic_altar, serial_bayou_lagoon_b, uniq_joseph
D:9:      minmay_lair_entry_grove, serial_shops, shop, shop, shop_coins, shop,
          nicolae_shop_behind_doors
D:10:     serial_glass, glass_columns_a, glass_columns_b, glass_columns_b,
          glass_columns_b, glass_columns_c, glass_columns_a, uniq_fannar
Lair:1:   beast_lair_carwin_7, minmay_lair_oklob_chamber, uniq_nergalle
Lair:2:   basic_altar
Lair:3:   minmay_guarded_unrand_snakebite, nicolae_spider_entry_tight_spaces,
          gammafunk_ghost_cemetery, st_stairs_3, infiniplex_staircase_pool,
          lemuel_fruit_fields

Skill      XL: |  1  2  3  4  5  6  7  8  9 10 11 12 |
---------------+-------------------------------------+-----
Unarmed Combat | 4 5 6 7 9 10 11 12 | 12.9
Dodging        | 3 4 |  4.0
Invocations    | 1 3 4 5 7 8 |  8.0
Fighting       | 4 5 6 8 9 10 | 10.9
Shields        | 5 8 |  8.9
Translocations | 2 |  2.0
Spellcasting   | 1 2 |  2.6
Stealth        | |  1.7

Action                   |  1- 3 |  4- 6 |  7- 9 | 10-12 || total
-------------------------+-------+-------+-------+-------++-------
Melee: Unarmed           |    84 |   148 |   251 |   310 ||   793
       Tailslap          |    11 |    28 |    54 |    89 ||   182
       Punch             |       |     4 |    10 |     1 ||    15
 Fire: Blowgun           |       |     8 |       |       ||     8
Throw: Javelin           |       |       |     1 |     7 ||     8
       Tomahawk          |       |       |       |     2 ||     2
Invok: Temporal Distorti |       |       |     1 |     2 ||     3
       Bend Time         |       |       |     1 |     1 ||     2
       Slouch            |       |       |     2 |     9 ||    11
 Abil: Breathe Acid      |       |       |     8 |    14 ||    22
Evoke: Wand              |       |       |     2 |    25 ||    27
  Use: Potion            |     1 |     2 |     8 |     1 ||    12
       Scroll            |       |     4 |     6 |     9 ||    19
 Stab: Sleeping          |     6 |     2 |     5 |     3 ||    16
       Distracted        |       |       |       |     2 ||     2
  Eat: Chunk             |       |     1 |     4 |     7 ||    12
       Ration            |       |       |     1 |       ||     1
Armor: Skin              |    13 |    32 |    69 |    66 ||   180
Dodge: Dodged            |    54 |    90 |   192 |   118 ||   454
Block: Other             |       |       |    15 |     3 ||    18
       Reflection        |       |       |     2 |     2 ||     4
       Shield            |       |       |       |   188 ||   188

Table legend:
 A = Spawn XP
 B = Non-spawn XP
 C = Spawn XP percentage of total XP
 D = Spawn monster count
 E = Non-spawn monster count
 F = Spawn count percentage of total count
 G = Total turns spent on level
                    A         B        C        D         E        F      G
               +---------+---------+-------+---------+---------+-------+---------
         Total |       0 |   26211 |   0.0 |       0 |     248 |   0.0 |  5384
               +---------+---------+-------+---------+---------+-------+---------
           D:1 |       0 |      20 |   0.0 |       0 |      10 |   0.0 |   236
           D:2 |       0 |      60 |   0.0 |       0 |      11 |   0.0 |   307
           D:3 |       0 |     358 |   0.0 |       0 |      26 |   0.0 |   488
           D:4 |       0 |     255 |   0.0 |       0 |      19 |   0.0 |   761
           D:5 |       0 |     145 |   0.0 |       0 |       3 |   0.0 |   255
           D:6 |       0 |     805 |   0.0 |       0 |      21 |   0.0 |   480
           D:7 |       0 |    2302 |   0.0 |       0 |      32 |   0.0 |   502
           D:8 |       0 |    1717 |   0.0 |       0 |      22 |   0.0 |   304
           D:9 |       0 |    3940 |   0.0 |       0 |      46 |   0.0 |   896
        Lair:1 |       0 |    2566 |   0.0 |       0 |      13 |   0.0 |   273
        Lair:2 |       0 |    5866 |   0.0 |       0 |      17 |   0.0 |   334
        Lair:3 |       0 |    8177 |   0.0 |       0 |      28 |   0.0 |   541
               +---------+---------+-------+---------+---------+-------+---------
